 Dungeon Crawl Stone Soup version 0.23-a0-416-g33f1def (webtiles) character file.

417 HDogLeCool the Skirmisher (level 6, 0/56 HPs)
             Began as a Draconian Fighter on Nov 9, 2018.
             Slain by Duvessa
             ... wielding a +0 short sword of protection
              (7 damage)
             ... on level 3 of the Dungeon.
             The game lasted 00:10:31 (3652 turns).

HDogLeCool the Skirmisher (Draconian Fighter)       Turns: 3652, Time: 00:10:31

Health: 0/56       AC:  7    Str: 24    XL:     6   Next: 61%
Magic:  6/6        EV: 11    Int: 10    God:
Gold:   155        SH: 10    Dex: 10    Spells: 5/5 levels left

rFire    . . .     SeeInvis .   a - +0 long sword
rCold    . . .     Gourm    .   b - +0 shield
rNeg     . . .     Faith    .   (armour unavailable)
rPois    .         Spirit   .   (helmet restricted)
rElec    .         Reflect  .   t - +0 cloak
rCorr    .         Harm     .   (no gloves)
MR       .....                  (no boots)
Stlth    +.........             (no amulet)
HPRegen  0.18/turn              (no ring)
MPRegen  0.10/turn              (no ring)

@: mighty, slowed, very slow
A: unfitting armour, cold-blooded, AC +6
a: no special abilities


You were on level 3 of the Dungeon.
You were not hungry.

You visited 1 branch of the dungeon, and saw 4 of its levels.

You collected 155 gold pieces.

Inventory:

Hand Weapons
 a - a +0 long sword (weapon)
 u - a +2 hunting sling of flaming
Missiles
 j - 80 stones (quivered)
Armour
 b - a +0 shield (worn)
 t - a +0 cloak (worn)
Wands
 r - a wand of flame (18)
Scrolls
 f - 4 scrolls of teleportation {unknown}
 g - 5 scrolls of identify {unknown}
 i - a scroll of noise {unknown}
 k - a scroll of fog {unknown}
 l - a scroll of blinking {unknown}
 n - 2 scrolls of immolation {unknown}
 w - a scroll of amnesia {unknown}
 x - 2 scrolls of remove curse {unknown}
Potions
 e - 3 potions of heal wounds {unknown}
 h - a potion of brilliance {unknown}
 m - a potion of resistance {unknown}
 o - 2 potions of flight {unknown}
 p - a potion of lignification {unknown}
 q - a potion of ambrosia {unknown}
 s - a potion of magic {unknown}
Comestibles
 d - 6 rations


   Skills:
 * Level 5.4 Fighting
 + Level 3.3 Long Blades
 + Level 3.7 Dodging
 * Level 5.0 Shields


You had 5 spell levels left.
You didn't know any spells.
Your spell library was empty.

Dungeon Overview and Level Annotations

Branches:
Dungeon (4/15)             Temple (0/1) D:4

Altars:
Xom
Zin

Annotations:
D:3 Dowan, Duvessa


Innate Abilities, Weirdness & Mutations

Your plain brown scales are hard. (AC +6)
You cannot fit into any form of body armour.
You are cold-blooded and may be slowed by cold attacks.


Message History

Duvessa is moderately wounded.
You hit Dowan but do no damage.
Dowan is heavily wounded.
You block Dowan's attack.
Duvessa hits you with a +0 short sword of protection!
* * * LOW HITPOINT WARNING * * *
Unknown command.
You feel very mighty all of a sudden. Dowan hits you but does no damage.
You block Duvessa's attack.
You slash Dowan!
Dowan is almost dead.
Dowan hits you with a +0 dagger of freezing.
* * * LOW HITPOINT WARNING * * *
You feel yourself slow down. Dowan freezes you.
* * * LOW HITPOINT WARNING * * *
You block Duvessa's attack. Dowan hits you but does no damage.
You closely miss Dowan.
Dowan is almost dead.
Duvessa hits you with a +0 short sword of protection!
You die...

...# #.....#
##..[### ##.#
#.....# ##.##
##.########## #.#
...##.## #.#
####.#.## #<#
......#.# #.#
####...## #.#
##.############.#
#..........e@e.#
################


You could see Duvessa and Dowan.

Vanquished Creatures
  Sigmund (D:3)
  A bullfrog zombie (D:4)
  An orc priest (D:3)
  Crazy Yiuf (D:2)
  2 orc wizards
  Robin (D:3)
  An adder (D:2)
  An ooze (D:1)
  A worm (D:3)
  A dart slug (D:1)
  A leopard gecko (D:1)
  6 orcs (D:3)
  2 giant cockroaches
  13 goblins
  15 hobgoblins
  5 jackals (D:1)
  12 kobolds
  4 bats
  5 frilled lizards
  6 rats
80 creatures vanquished.

Vanquished Creatures (others)
  5 orcs (D:3)
  A kobold (D:3)
6 creatures vanquished.

Grand Total: 86 creatures vanquished

Notes
Turn   | Place    | Note
-------+----------+-------------------------------------------
     0 | D:1      | HDogLeCool the Draconian Fighter began the quest for the
                  | Orb.
     0 | D:1      | Reached XP level 1. HP: 19/19 MP: 1/1
   206 | D:1      | Reached XP level 2. HP: 26/26 MP: 2/2
   613 | D:1      | Reached XP level 3. HP: 30/33 MP: 3/3
  1341 | D:2      | You fall through a shaft for 2 floors!
  1341 | D:4      | Noticed Duvessa
  1341 | D:4      | Noticed Dowan
  1349 | D:3      | Reached XP level 4. HP: 32/40 MP: 4/4
  1762 | D:2      | Found a runed door.
  1981 | D:2      | Noticed Crazy Yiuf
  1988 | D:2      | Killed Crazy Yiuf
  2201 | D:3      | Noticed Sigmund
  2216 | D:3      | Killed Sigmund
  2216 | D:3      | Reached skill level 5 in Fighting
  2216 | D:3      | Reached XP level 5. HP: 23/48 MP: 5/5
  2216 | D:3      | Reached XP level 6. HP: 27/56 MP: 6/6
  2428 | D:3      | Found a shimmering altar of Xom.
  2428 | D:3      | Noticed an angel
  2433 | D:3      | Found a glowing silver altar of Zin.
  2854 | D:3      | Noticed Robin
  2879 | D:3      | Killed Robin
  3267 | D:4      | Found a staircase to the Ecumenical Temple.
  3460 | D:4      | Reached skill level 5 in Shields
  3652 | D:3      | Slain by Duvessa

Vault maps used:
D:1:      tarquinn_simple_flora_water_c
D:2:      first_ration, wad_floor_pattern_untrapped, uniq_crazy_yiuf_cottage
D:3:      grunt_temple_overflow_order_and_chaos_1, uniq_sigmund, uniq_robin
D:4:      minmay_temple_entry_mist, uniq_natasha, uniq_duvessa

Skill      XL: |  1  2  3  4  5  6 |
---------------+-------------------+-----
Dodging        | 3 |  3.7
Fighting       | 4 5 |  5.4
Shields        | 4 5 |  5.0
Long Blades    | 3 |  3.3

Action                   |  1- 3 |  4- 6 || total
-------------------------+-------+-------++-------
Melee: Long sword        |    86 |   145 ||   231
       Tailslap          |     6 |    23 ||    29
 Fire: Hunting sling     |       |     5 ||     5
  Use: Potion            |       |     1 ||     1
  Eat: Chunk             |     1 |     8 ||     9
Armor: Skin              |    21 |    47 ||    68
Dodge: Dodged            |    39 |    65 ||   104
Block: Shield            |    36 |    84 ||   120
       Rpst.: Long sword |    14 |    25 ||    39

Table legend:
 A = Non-vault XP
 B = Vault XP
 C = Vault XP percentage of total XP
 D = Non-vault monster count
 E = Vault monster count
 F = Vault count percentage of total count
                 A         B        C        D         E       F
            +---------+---------+-------+---------+---------+-------
      Total |     300 |     296 |  49.7 |      67 |      13 |  16.2
            +---------+---------+-------+---------+---------+-------
        D:1 |      55 |       0 |   0.0 |      27 |       0 |   0.0
        D:2 |      36 |      40 |  52.6 |      17 |       1 |   5.6
        D:3 |     122 |     256 |  67.7 |      21 |      12 |  36.4
        D:4 |      87 |       0 |   0.0 |       2 |       0 |   0.0
            +---------+---------+-------+---------+---------+-------
